 Seeded DCSS version 0.27-a0-1455-g331ba6f (webtiles) character file.

Game seed: 1173139850227633904 (custom seed)

9340 brinewave the Fighter (level 11, 0/159 HPs)
             Began as a Grey Draconian Fighter on July 4, 2021.
             Was a Believer of Qazlal.
             Succumbed to a centaur warrior's poison
             ... on level 8 of the Dungeon on July 5, 2021.
             The game lasted 00:42:55 (10326 turns).

brinewave the Fighter (Grey Draconian Fighter)     Turns: 10326, Time: 00:42:56

Health: 0/159      AC: 17    Str: 22    XL:     11   Next: 21%
Magic:  11/11      EV: 10    Int:  8    God:    Qazlal [**....]
Gold:   446        SH: 13    Dex: 11    Spells: 10/10 levels left

rFire    . . .     SeeInvis +   R - +6 spear (flame)
rCold    . . .     Faith    .   b - +0 kite shield
rNeg     + . .     Spirit   .   (armour unavailable)
rPois    .         Reflect  .   (helmet restricted)
rElec    .         Harm     .   y - +2 cloak
rCorr    .         Rampage  .   p - +1 pair of gloves
Will     .....                  (no boots)
Stlth    ..........             (no amulet)
HPRegen  0.36/turn              i - ring of see invisible
MPRegen  0.12/turn              f - ring of positive energy

@: berserking, lethally poisoned (0 -> -8), very quick
A: AC +12, amphibious, unfitting armour, cold-blooded
a: Renounce Religion, Upheaval


You were on level 8 of the Dungeon.
You worshipped Qazlal.
Qazlal was pleased with you.
You visited 1 branch of the dungeon, and saw 8 of its levels.
You also visited: Ossuary.

You collected 534 gold pieces.
You spent 88 gold pieces at shops.

Inventory:

Hand Weapons
 a - a +0 war axe
 e - a +2 antimagic trident
 q - a +3 hand axe of draining
 r - a +2 whip of flaming
 w - a +1 mace of draining
 x - a +0 hunting sling
 M - a +0 shortbow
 Q - a +2 trident of venom
 R - a +6 spear of flaming (weapon)
 S - a +2 antimagic hand axe
 U - a +0 longbow
Missiles
 g - 257 stones
 k - 269 arrows
 o - 121 bolts
 s - 15 poisoned darts (quivered)
 z - 64 sling bullets
 C - 4 silver boomerangs
 O - 7 boomerangs
Armour
 b - a +0 kite shield (worn)
 p - a +1 pair of gloves (worn)
 y - a +2 cloak (worn)
Magical Staves
 A - a staff of fire
Jewellery
 f - a ring of positive energy (right hand)
 i - a ring of see invisible (left hand)
 t - a ring of fire
 E - a ring of flight
Wands
 h - a wand of acid (12)
 u - a wand of polymorph (16)
 B - a wand of iceblast (19)
 J - a wand of flame (25)
Scrolls
 D - 2 scrolls of blinking
 I - 6 scrolls of teleportation
 P - a scroll of silence {unknown}
 T - 3 scrolls of amnesia {unknown}
Potions
 c - 2 potions of might
 d - 4 potions of degeneration
 j - 3 potions of invisibility
 l - a potion of haste
 m - 4 potions of flight
 n - a potion of cancellation
 v - a potion of brilliance {unknown}
 G - a potion of curing
 H - a potion of lignification {unknown}
 K - 2 potions of attraction
 L - a potion of berserk rage
 N - a potion of mutation {unknown}


   Skills:
 + Level 12.9 Fighting
 + Level 11.1 Axes
 - Level 2.6 Dodging
 - Level 3.1 Stealth
 + Level 6.6 Shields
 - Level 0.1 Unarmed Combat
 - Level 0.4 Evocations


You had 10 spell levels left.
You didn't know any spells.
Your spell library contained the following spells:

 Spells                   Type           Power      Damage    Failure   Level
 Sting                    Tmut/Pois      0%         1d3       77%         1
 Summon Lightning Spire   Summ/Air       0%         N/A       100%        4
 Storm Form               Tmut/Air       0%         N/A       100%        7
 Maxwell's Capacitive Co  Air            0%         ∞         100%        8


Dungeon Overview and Level Annotations

Branches:
Dungeon (8/15)             Temple (0/1) D:7         Ossuary (visited)
   Lair: D:8-11

Altars:
Gozag
Nemelex Xobeh
Qazlal
Ru
Xom
Zin
The Shining One

Shops:
D:2 !   D:4 *   D:5 !


Innate Abilities, Weirdness & Mutations

Your dull iron-grey scales are very hard. (AC +12)
You are amphibious.
You cannot fit into any form of body armour.
You are cold-blooded and may be slowed by cold attacks.


Message History

You block the centaur warrior's attack.
The centaur warrior kicks you but does no damage.
You hit the centaur warrior. You burn the centaur warrior.
You tail-slap the centaur warrior!
The centaur warrior is moderately wounded.
* * * LOW HITPOINT WARNING * * *
You feel very sick.
You hit the centaur warrior. You burn the centaur warrior.
Your tail-slap misses the centaur warrior.
The centaur warrior is heavily wounded.
* * * LOW HITPOINT WARNING * * *
You feel very sick.
The centaur warrior hits you but does no damage.
The centaur warrior kicks you but does no damage.
You puncture the centaur warrior! You burn the centaur warrior.
The centaur warrior is heavily wounded.
* * * LOW HITPOINT WARNING * * *
You feel sick.
The centaur warrior hits you but does no damage.
You block the centaur warrior's attack.
You puncture the centaur warrior! You burn the centaur warrior.
You tail-slap the centaur warrior!
The centaur warrior is almost dead.
* * * LOW HITPOINT WARNING * * *
You feel sick. You block the centaur warrior's attack.
The centaur warrior closely misses you.
You hit the centaur warrior. You burn the centaur warrior.
You kill the centaur warrior!
Qazlal accepts your kill.
* * * LOW HITPOINT WARNING * * *
You feel sick.
Unknown command.
You are too berserk!
You are too berserk!
Okay, then.
You are too berserk!
You are too berserk!
Okay, then.
You are too berserk!
You die...

#.#.####..#####..####..####.#....
#.##)8####..##.####..##..##.#....
#.##...8####..###..##..#### #....
#.##8....8#####..##..##..# #..##
#.##..≈....8##.##..##..###
#.##8..8≈.....#####..##..#
#.##..≈....8###..####.(###
#.##8....8####.#(#.####..##
#.##...8####..##@#.#[####.#
#.##.8####.##.##.#.#.#.##.#
#.######..#.#.#........[.##
#.####....###.##.#.#.#.###
#.##..........##.#.#.### #.# ..
#.####....###.##.#.### #.##.##
#....###..#.#C#..### #.....
####...###.##.#### #.....
###...###..# #.....


There were no monsters in sight!

Vanquished Creatures
  2 centaur warriors (D:8)
  Pikel (D:5)
  2 cyclopes (D:8)
  2 gargoyles
  A slime creature (D:8)
  The ghost of anarkitty the Covered, an amateur TeFi of Cheibriados (D:4)
  A wyvern (D:7)
  Sigmund (D:6)
  9 yaks
  2 vampire mosquitoes (D:8)
  Menkaure (D:4)
  A steam dragon (D:7)
  A water moccasin (shapeshifter) (D:8)
  3 water moccasins
  4 orc warriors
  3 ice beasts
  3 necrophages
  A sky beast (D:8)
  4 ogres
  3 centaurs
  2 phantoms
  3 lemures
  2 bullfrogs
  6 water moccasin zombies
  2 gnoll sergeants (D:8)
  2 scorpions
  A water moccasin skeleton (D:6)
  A killer bee (D:8)
  A wight (D:8)
  A howler monkey (D:8)
  4 centaur zombies
  4 orc priests
  3 bullfrog skeletons
  2 jellies
  3 iguanas
  Ijyb (D:3)
  5 orc wizards
  2 mummies (Ossuary)
  A hound skeleton (D:5)
  2 howler monkey zombies (D:8)
  4 adders
  A white imp (D:8)
  An ufetubus (D:4)
  4 adder zombies (Ossuary)
  A worm (D:4)
  33 orcs
  5 ball pythons
  5 bats
  6 endoplasms
  2 giant cockroaches
  6 gnoll zombies (Ossuary)
  6 goblins
  7 hobgoblins
  9 jackals
  3 frilled lizards
  5 hobgoblin zombies (Ossuary)
  4 kobolds
  6 kobold zombies (Ossuary)
  6 orc zombies (Ossuary)
  2 rats (D:1)
  3 toadstools (D:8)
213 creatures vanquished.

Vanquished Creatures (others)
  3 fungi (D:8)
  3 toadstools (D:8)
6 creatures vanquished.

Grand Total: 219 creatures vanquished

Notes
Turn   | Place    | Note
-------+----------+-------------------------------------------
     0 | D:1      | brinewave the Draconian Fighter began the quest for the
                  | Orb.
     0 | D:1      | Reached XP level 1. HP: 19/19 MP: 1/1
   398 | D:1      | Reached XP level 2. HP: 27/27 MP: 0/2
   399 | D:1      | Reached skill level 4 in Fighting
   532 | D:1      | Got Sif Muna's Handbook of Summoning and Intoxication
   847 | D:2      | Found Ziexegol's Distillery.
  1181 | D:2      | Reached XP level 3. HP: 31/34 MP: 1/3
  2032 | D:2      | Reached skill level 5 in Fighting
  2032 | D:2      | Reached skill level 1 in Stealth
  2032 | D:2      | Reached XP level 4. HP: 8/42 MP: 1/4
  2445 | D:3      | Noticed an ogre
  2448 | D:3      | Killed an ogre
  2449 | D:3      | Reached XP level 5. HP: 50/50 MP: 5/5
  2566 | D:3      | Reached skill level 6 in Fighting
  2956 | D:3      | Noticed Ijyb
  2968 | D:3      | Killed Ijyb
  3409 | D:4      | Found Bexo's Assorted Antiques.
  3432 | D:4      | Reached XP level 6. HP: 57/57 MP: 6/6
  3572 | D:4      | Found a runed translucent door.
  3576 | D:4      | Noticed anarkitty's ghost (amateur TeFi)
  3625 | D:4      | Noticed Menkaure
  3633 | D:4      | Killed Menkaure
  4271 | D:5      | Entered Level 5 of the Dungeon
  4271 | D:5      | Found Zoezu's Distillery.
  4271 | D:5      | Noticed Pikel
  4480 | D:6      | Your scales start taking on a dull iron-grey colour.
  4480 | D:6      | Reached XP level 7. HP: 61/64 MP: 7/7
  4491 | D:6      | Reached skill level 7 in Fighting
  4564 | D:6      | Noticed a yak
  4586 | D:6      | Killed a yak
  4641 | D:6      | Noticed a yak
  4641 | D:6      | Noticed a yak
  4642 | D:6      | Noticed a yak
  4644 | D:6      | Noticed a yak
  4653 | D:6      | Noticed a yak
  4657 | D:6      | Killed a yak
  4658 | D:6      | Reached skill level 5 in Axes
  4681 | D:6      | Killed a yak
  4682 | D:6      | Reached skill level 8 in Fighting
  4682 | D:6      | Reached XP level 8. HP: 49/74 MP: 8/8
  4694 | D:6      | Reached skill level 9 in Fighting
  5355 | D:6      | Noticed Sigmund
  5372 | D:6      | Killed Sigmund
  5373 | D:6      | Reached XP level 9. HP: 56/85 MP: 9/9
  5519 | D:5      | Reached skill level 10 in Fighting
  5619 | D:5      | Found a shimmering altar of Xom.
  5620 | D:5      | Found a glowing silver altar of Zin.
  5620 | D:5      | Found an opulent altar of Gozag.
  5621 | D:5      | Found a sacrificial altar of Ru.
  5741 | D:5      | Killed Pikel
  6048 | D:5      | Bought a potion of heal wounds for 55 gold pieces
  6048 | D:5      | Bought a potion of curing for 33 gold pieces
  6823 | D:4      | Killed anarkitty's ghost
  6920 | D:6      | Found a stormy altar of Qazlal.
  6921 | D:6      | Found a glowing golden altar of the Shining One.
  6928 | D:6      | Became a worshipper of Qazlal Stormbringer
  6994 | D:6      | Reached skill level 11 in Fighting
  7243 | D:6      | Upgraded the game from 0.27-a0-1448-g9c78c81 to
                  | 0.27-a0-1455-g331ba6f
  7264 | D:7      | Found a staircase to the Ecumenical Temple.
  7473 | D:7      | Found a sand-covered staircase.
  7481 | Ossuary  | Entered an ossuary
  7644 | Ossuary  | Reached * piety under Qazlal
  7955 | D:7      | Reached XP level 10. HP: 96/96 MP: 10/10
  8439 | D:7      | Noticed a gargoyle
  8467 | D:7      | Killed a gargoyle
  8840 | D:8      | Found a sparkling altar of Nemelex Xobeh.
  9040 | D:8      | Reached skill level 10 in Axes
  9098 | D:8      | Reached skill level 12 in Fighting
  9252 | D:8      | Reached ** piety under Qazlal
  9447 | D:8      | Reached skill level 5 in Shields
  9943 | D:8      | Noticed a centaur warrior
  9964 | D:8      | Killed a centaur warrior
 10047 | D:8      | Noticed a centaur warrior
 10052 | D:8      | Noticed a boulder beetle
 10052 | D:8      | Noticed a cyclops
 10052 | D:8      | Noticed a cyclops
 10059 | D:8      | Noticed a skeletal warrior
 10201 | D:8      | Killed a cyclops
 10202 | D:8      | Reached XP level 11. HP: 82/105 MP: 11/11
 10322 | D:8      | HP: 6/159 [poisoned by a centaur warrior]
 10325 | D:8      | Killed a centaur warrior
 10325 | D:8      | HP: 1/159 [poisoned by a centaur warrior]
 10326 | D:8      | Succumbed to a centaur warrior's poison

Illustrated notes

Levels and vault maps discovered:
D:1:      sevenhm_arrival_forest_fort_large_2, layout_loops_ring,
          minmay_tetromino_o4
D:2:      layout_basic, serial_shops, nicolae_shop_window_shopping
D:3:      minmay_angry_zag, layout_loops_ring, item_on_display_a, uniq_ijyb
D:4:      layout_basic, serial_shops, shop, gammafunk_ghost_grave,
          minmay_misc_feat_pillars, minmay_stone_trees_medium,
          kennysheep_small_spiral, minmay_misc_feat_chi, minmay_crystal_water,
          uniq_menkaure
D:5:      layout_basic, chequers_temple_overflow_statue_of_worship,
          serial_shops, nicolae_stop_n_shop_2, water_maze_lemuel, uniq_pikel
D:6:      layout_loops_ring, gammafunk_temple_overflow_pools, item_on_display_a,
          uniq_sigmund
D:7:      layout_loops_ring, minmay_temple_entry_tees,
          nicolae_ossuary_entry_monument, kennysheep_generic_room_9
D:8:      minmay_the_grid_triangle_9x9_rhombus_full
          [minmay_the_grid_triangle_9x9_alien,
          minmay_the_grid_triangle_9x9_stretched_checkered,
          minmay_the_grid_triangle_9x9_corruption,
          minmay_the_grid_triangle_9x9_thin_v,
          minmay_the_grid_triangle_9x9_shrine,
          minmay_the_grid_triangle_9x9_warning,
          minmay_the_grid_triangle_9x9_skeleton,
          minmay_the_grid_triangle_9x9_prize_center], layout_basic,
          nicolae_overflow_crystal_walls, grunt_decor_one_mirror,
          minmay_gold_behind_fungi

Skill      XL: |  1  2  3  4  5  6  7  8  9 10 11 |
---------------+----------------------------------+-----
Fighting       | 4 5 6 8 9 11 12 | 12.9
Stealth        | 1 2 3 |  3.1
Axes           | 3 5 7 9 10 11 | 11.1
Shields        | 6 |  6.6
Dodging        | |  2.6
Unarmed Combat | |  0.1
Evocations     | |  0.4

Action                   |  1- 3 |  4- 6 |  7- 9 | 10-12 || total
-------------------------+-------+-------+-------+-------++-------
Melee: Trident           |    81 |    12 |       |       ||    93
       Tailslap          |    11 |    14 |    75 |    57 ||   157
       Hand axe          |       |   137 |   368 |   229 ||   734
       Unarmed           |       |     3 |       |       ||     3
       Spear             |       |       |       |    60 ||    60
Throw: Dart              |       |       |     7 |       ||     7
Evoke: Wand              |       |     2 |     1 |       ||     3
  Use: Scroll            |     6 |     3 |     8 |     2 ||    19
       Potion            |       |       |     2 |     2 ||     4
 Stab: Sleeping          |     1 |       |     4 |       ||     5
       Distracted        |       |     1 |       |       ||     1
Armor: Skin              |    25 |    41 |   126 |   107 ||   299
Dodge: Dodged            |    37 |    56 |   101 |    85 ||   279
Block: Kite shield       |    45 |    56 |   141 |   176 ||   418

Table legend: (Time is in decaauts)
 A = Elapsed time spent in this place.
 B = Non-inter-level travel time spent in this place.
 C = Inter-level travel time spent in this place.
 D = Time resting spent in this place.
 E = Time spent auto-exploring this place.
 F = Levels seen in this place.
 G = Mean time per level.
                   A        B        C        D        E       F      G
               +--------+--------+--------+--------+--------+-----+--------+
         Total |  10478 |  10220 |    258 |   3038 |   4018 |   9 | 1164.2 |
       Dungeon |  10193 |   9935 |    258 |   2968 |   4018 |   8 | 1274.1 |
       Ossuary |    285 |    285 |      0 |     70 |      0 |   1 |  285.0 |
               +--------+--------+--------+--------+--------+-----+--------+

Top non-repeatable levels by time:
     D:6: 1684 daAuts
     D:8: 1572 daAuts
     D:3: 1309 daAuts
     D:2: 1290 daAuts
     D:5: 1290 daAuts
     D:7: 1215 daAuts
     D:4: 969 daAuts
     D:1: 861 daAuts
 Ossuary: 285 daAuts
